PCL
LAS VEGAS STARS @ MILE HIGH BRONCOS
08/20/2028
 
TOP OF THE 1ST
Las Vegas Stars batting - Pitching for Mile High Broncos : RHP Hokusai Nakashima
Pitching: RHP Hokusai Nakashima
Batting: SHB Júlio Salazar 0-0: Ball
1-0: Ball
2-0: Ball
3-0: Called Strike
3-1: Base on Balls
Batting: RHB Pedro Mata 0-0: Called Strike
Júlio Salazar is caught stealing 2nd base
0-1: Called Strike
0-2: Ball
1-2: Foul Ball, location: 2F
1-2: SINGLE (Line Drive, 6D)
Batting: RHB León Rivera 0-0: Ball
1-0: Swinging Strike
1-1: Ball
2-1: TRIPLE (Line Drive, 9LD)
Pedro Mata scores
Batting: SHB Chris Bennis 0-0: Ball
1-0: Foul Ball, location: 2F
1-1: Ball
2-1: Foul Ball, location: 2F
2-2: Ball
3-2: Strikes out swinging
Batting: LHB Robinson Fernández 0-0: Called Strike
0-1: Ball
1-1: Ball
2-1: Foul Ball, location: 2F
2-2: SINGLE (Groundball, 6MD)
León Rivera scores
Batting: RHB José Pinto 0-0: Ground out 5-3 (Groundball, 56S)
Top of the 1st over - 2 run(s), 3 hit(s), 0 error(s), 1 left on base; Las Vegas 2 - Mile High 0
BOTTOM OF THE 1ST
Mile High Broncos batting - Pitching for Las Vegas Stars : RHP Ramón López
Pitching: RHP Ramón López
Batting: LHB Ernesto López 0-0: Called Strike
0-1: Ball
1-1: Fly out, F2 (Popup, 5S)
Batting: RHB Evan Robinson 0-0: Called Strike
0-1: Foul Ball, location: 2F
0-2: Strikes out looking
Batting: LHB José Rivas 0-0: Ball
1-0: Foul Ball, location: 2F
1-1: Swinging Strike
1-2: Strikes out swinging
Bottom of the 1st over - 0 run(s), 0 hit(s), 0 error(s), 0 left on base; Las Vegas 2 - Mile High 0
TOP OF THE 2ND
Las Vegas Stars batting - Pitching for Mile High Broncos : RHP Hokusai Nakashima
Batting: RHB Zack Flint 0-0: Ball
1-0: Foul Ball, location: 2F
1-1: SINGLE (Groundball, 56D)
Batting: LHB Clint Parkinson 0-0: Called Strike
0-1: DOUBLE (Flyball, 7LM)
Zack Flint to third
Batting: LHB Nathan Frey 0-0: Foul Ball, location: 2F
0-1: Foul Ball, location: 2F
0-2: Foul Ball, location: 2F
0-2: SINGLE (Groundball, 4MD)
Zack Flint scores
Clint Parkinson to third
Batting: SHB Júlio Salazar 0-0: Ball
1-0: Fly out, F7 (Line Drive, 7S)
Runner from 3rd tags up, SCORES, no throw
Batting: RHB Pedro Mata 0-0: Ball
1-0: Reached on error, E6 (Groundball, 6)
Nathan Frey to second
Batting: RHB León Rivera 0-0: Ball
1-0: Ball
2-0: Ball
3-0: Base on Balls
Nathan Frey to third
Pedro Mata to second
Batting: SHB Chris Bennis 0-0: Ball
1-0: Foul Ball, location: 2F
1-1: Ball
2-1: Foul Ball, location: 2F
2-2: Strikes out looking
Batting: LHB Robinson Fernández 0-0: Called Strike
0-1: Ball
1-1: Fielders Choice at 2nd, 5-4 (Groundball, 56)
Top of the 2nd over - 2 run(s), 3 hit(s), 1 error(s), 2 left on base; Las Vegas 4 - Mile High 0
BOTTOM OF THE 2ND
Mile High Broncos batting - Pitching for Las Vegas Stars : RHP Ramón López
Batting: RHB Rodney González 0-0: Called Strike
0-1: Ball
1-1: Called Strike
1-2: Ball
2-2: Ball
3-2: Foul Ball, location: 2F
3-2: Strikes out looking
Batting: LHB Mark Everett 0-0: Ball
1-0: Ball
2-0: Ball
3-0: Foul Ball, location: 2F
3-1: Base on Balls
Batting: RHB David Moran 0-0: Ball
1-0: Ball
2-0: Called Strike
2-1: Fly out, F7 (Line Drive, 7LM)
Batting: RHB Jeff Packard 0-0: Called Strike
0-1: Ball
1-1: Ball
2-1: Foul Ball, location: 2F
2-2: Foul Ball, location: 2F
Error on foul ball, E3
2-2: 2-RUN HOME RUN (Flyball, 7D), Distance : 375 ft
Batting: SHB Tom Stevens 0-0: Called Strike
0-1: Ball
1-1: Foul Ball, location: 2F
1-2: Foul Ball, location: 2F
1-2: Fly out, F5 (Popup, 5L)
Bottom of the 2nd over - 2 run(s), 1 hit(s), 1 error(s), 0 left on base; Las Vegas 4 - Mile High 2
TOP OF THE 3RD
Las Vegas Stars batting - Pitching for Mile High Broncos : RHP Hokusai Nakashima
Batting: RHB José Pinto 0-0: Swinging Strike
0-1: Foul Ball, location: 2F
0-2: Ground out 4-3 (Groundball, 4)
Batting: RHB Zack Flint 0-0: Foul Ball, location: 2F
0-1: Ball
1-1: Swinging Strike
1-2: Strikes out looking
Batting: LHB Clint Parkinson 0-0: Ball
1-0: Swinging Strike
1-1: Foul Ball, location: 2F
1-2: Foul Ball, location: 2F
1-2: Ball
2-2: Ground out 4-3 (Groundball, 34)
Top of the 3rd over - 0 run(s), 0 hit(s), 0 error(s), 0 left on base; Las Vegas 4 - Mile High 2
BOTTOM OF THE 3RD
Mile High Broncos batting - Pitching for Las Vegas Stars : RHP Ramón López
Batting: RHB John Brown 0-0: Swinging Strike
0-1: Foul Ball, location: 2F
0-2: Ball
1-2: Ball
2-2: Foul Ball, location: 2F
2-2: Foul Ball, location: 2F
2-2: Ball
3-2: Base on Balls
Batting: LHB Ernesto López 0-0: Foul Ball, location: 2F
0-1: Foul Ball, location: 2F
0-2: Ball
1-2: Ball
2-2: Fly out, F7 (Flyball, 78D)
Batting: RHB Evan Robinson 0-0: Fly out, F7 (Line Drive, 7)
Batting: LHB José Rivas 0-0: Ball
1-0: Ball
2-0: Ball
3-0: Called Strike
3-1: Base on Balls
John Brown to second
Batting: RHB Rodney González 0-0: Called Strike
0-1: Ball
1-1: Foul Ball, location: 2F
1-2: Strikes out swinging
Bottom of the 3rd over - 0 run(s), 0 hit(s), 0 error(s), 2 left on base; Las Vegas 4 - Mile High 2
TOP OF THE 4TH
Las Vegas Stars batting - Pitching for Mile High Broncos : RHP Hokusai Nakashima
Batting: LHB Nathan Frey 0-0: Foul Ball, location: 2F
0-1: Called Strike
0-2: Ball
1-2: Ball
2-2: Foul Ball, location: 2F
2-2: Ball
3-2: Base on Balls
Batting: SHB Júlio Salazar 0-0: Ball
1-0: Ball
2-0: Ball
3-0: Called Strike
3-1: Base on Balls
Nathan Frey to second
Batting: RHB Pedro Mata 0-0: Foul Ball, location: 2F
0-1: Fly out, F8 (Flyball, 8RM)
Batting: RHB León Rivera 0-0: Grounds into double play, 6-4-3 (Groundball, 6)
Top of the 4th over - 0 run(s), 0 hit(s), 0 error(s), 1 left on base; Las Vegas 4 - Mile High 2
BOTTOM OF THE 4TH
Mile High Broncos batting - Pitching for Las Vegas Stars : RHP Ramón López
Batting: LHB Mark Everett 0-0: Ball
1-0: Foul Ball, location: 2F
1-1: Called Strike
1-2: Fly out, F7 (Flyball, 78S)
Batting: RHB David Moran 0-0: Swinging Strike
0-1: Called Strike
0-2: Strikes out looking
Batting: RHB Jeff Packard 0-0: Called Strike
0-1: Ground out 5-3 (Groundball, 56)
Bottom of the 4th over - 0 run(s), 0 hit(s), 0 error(s), 0 left on base; Las Vegas 4 - Mile High 2
TOP OF THE 5TH
Las Vegas Stars batting - Pitching for Mile High Broncos : RHP Hokusai Nakashima
Batting: SHB Chris Bennis 0-0: Ball
1-0: Called Strike
1-1: Ball
2-1: Foul Ball, location: 2F
2-2: Foul Ball, location: 2F
2-2: Ball
3-2: Ground out U3 (Groundball, 3)
Batting: LHB Robinson Fernández 0-0: Ball
1-0: Ball
2-0: Called Strike
2-1: Foul Ball, location: 2F
2-2: Ball
3-2: SOLO HOME RUN (Flyball, 7LD), Distance : 366 ft
Batting: RHB José Pinto 0-0: Foul Ball, location: 2F
0-1: Swinging Strike
0-2: Strikes out swinging
Batting: RHB Zack Flint 0-0: Called Strike
0-1: Foul Ball, location: 2F
0-2: Ball
1-2: DOUBLE (Groundball, 5L)
Batting: LHB Clint Parkinson 0-0: Ball
1-0: Foul Ball, location: 2F
1-1: DOUBLE (Line Drive, 7LD)
Zack Flint scores
Pitching: LHP Domingo Morales
Batting: LHB Nathan Frey 0-0: Hit by Pitch
Batting: SHB Júlio Salazar 0-0: Swinging Strike
0-1: Fly out, F8 (Flyball, 8LD)
Top of the 5th over - 2 run(s), 3 hit(s), 0 error(s), 2 left on base; Las Vegas 6 - Mile High 2
BOTTOM OF THE 5TH
Mile High Broncos batting - Pitching for Las Vegas Stars : RHP Ramón López
Batting: SHB Tom Stevens 0-0: Ball
1-0: Ball
2-0: Called Strike
2-1: Ground out 6-3 (Groundball, 6)
Batting: RHB John Brown 0-0: Ball
1-0: Ball
2-0: Ball
3-0: Base on Balls
Batting: LHB Ernesto López 0-0: Ball
1-0: Ball
2-0: Swinging Strike
2-1: Ball
3-1: Fly out, F7 (Flyball, 7LSF)
Batting: RHB Evan Robinson 0-0: Foul Ball, location: 2F
0-1: Ball
1-1: Ball
2-1: Ball
3-1: Swinging Strike
3-2: Strikes out looking
Bottom of the 5th over - 0 run(s), 0 hit(s), 0 error(s), 1 left on base; Las Vegas 6 - Mile High 2
TOP OF THE 6TH
Las Vegas Stars batting - Pitching for Mile High Broncos : LHP Domingo Morales
Batting: RHB Pedro Mata 0-0: Called Strike
0-1: SINGLE (Groundball, 6MD)
Batting: RHB León Rivera 0-0: 2-RUN HOME RUN (Line Drive, 7D), Distance : 366 ft
Batting: SHB Chris Bennis 0-0: Called Strike
0-1: Ball
1-1: Ball
2-1: Swinging Strike
2-2: Foul Ball, location: 2F
2-2: Ball
3-2: Base on Balls
Batting: LHB Robinson Fernández 0-0: Called Strike
0-1: Ball
1-1: Swinging Strike
1-2: Ball
2-2: Foul Ball, location: 2F
2-2: Ball
Wild Pitch!
Chris Bennis to second
3-2: Foul Ball, location: 2F
3-2: Base on Balls
Batting: RHB José Pinto 0-0: Ball
1-0: Ball
2-0: Grounds into double play, 5-4-3 (Groundball, 56)
Chris Bennis to third
Batting: RHB Zack Flint 0-0: Ball
1-0: Ball
2-0: Called Strike
2-1: Foul Ball, location: 2F
2-2: Strikes out swinging
Top of the 6th over - 2 run(s), 2 hit(s), 0 error(s), 1 left on base; Las Vegas 8 - Mile High 2
BOTTOM OF THE 6TH
Mile High Broncos batting - Pitching for Las Vegas Stars : RHP Ramón López
Batting: LHB José Rivas 0-0: Ball
1-0: Foul Ball, location: 2F
1-1: Foul Ball, location: 2F
1-2: Ball
2-2: Strikes out swinging
Batting: RHB Rodney González 0-0: Foul Ball, location: 2F
0-1: TRIPLE (Flyball, 78XD)
Batting: LHB Mark Everett 0-0: Ground out 6-3 (Groundball, 6S)
Rodney González scores
Batting: RHB David Moran 0-0: Ball
1-0: Called Strike
1-1: Swinging Strike
1-2: Fly out, F3 (Flyball, 3DF)
Bottom of the 6th over - 1 run(s), 1 hit(s), 0 error(s), 0 left on base; Las Vegas 8 - Mile High 3
TOP OF THE 7TH
Las Vegas Stars batting - Pitching for Mile High Broncos : LHP Domingo Morales
Batting: LHB Clint Parkinson 0-0: Called Strike
0-1: Ball
1-1: Ball
2-1: Ball
3-1: SINGLE (Groundball, 34D)
Batting: LHB Nathan Frey 0-0: Called Strike
0-1: Ball
1-1: Grounds into double play, 4-6-3 (Groundball, 34)
Batting: SHB Júlio Salazar 0-0: Ball
1-0: Called Strike
1-1: Ball
2-1: Ball
3-1: Called Strike
3-2: Strikes out looking
Top of the 7th over - 0 run(s), 1 hit(s), 0 error(s), 0 left on base; Las Vegas 8 - Mile High 3
BOTTOM OF THE 7TH
Mile High Broncos batting - Pitching for Las Vegas Stars : RHP Ramón López
Pitching: RHP Blake Koepke
Batting: RHB Jeff Packard 0-0: Fly out, F9 (Flyball, 9)
Batting: SHB Tom Stevens 0-0: Called Strike
0-1: Foul Ball, location: 2F
0-2: Ball
1-2: Ground out 1-3 (Groundball, 13S)
Batting: RHB John Brown 0-0: Foul Ball, location: 2F
0-1: Called Strike
0-2: Ball
1-2: Ball
2-2: Strikes out swinging
Bottom of the 7th over - 0 run(s), 0 hit(s), 0 error(s), 0 left on base; Las Vegas 8 - Mile High 3
TOP OF THE 8TH
Las Vegas Stars batting - Pitching for Mile High Broncos : LHP Domingo Morales
Pitching: RHP Archie Summers
Batting: RHB Pedro Mata 0-0: Ground out 6-3 (Groundball, 6)
Batting: RHB León Rivera 0-0: Ball
1-0: Foul Ball, location: 2F
1-1: Foul Ball, location: 2F
1-2: Foul Ball, location: 2F
1-2: Strikes out swinging
Batting: SHB Chris Bennis 0-0: Ball
1-0: Fly out, F5 (Popup, 5D)
Top of the 8th over - 0 run(s), 0 hit(s), 0 error(s), 0 left on base; Las Vegas 8 - Mile High 3
BOTTOM OF THE 8TH
Mile High Broncos batting - Pitching for Las Vegas Stars : RHP Blake Koepke
Batting: LHB Ernesto López 0-0: Swinging Strike
0-1: Called Strike
0-2: SINGLE (Groundball, 34D)
Batting: RHB Evan Robinson 0-0: Ball
1-0: Called Strike
1-1: Foul Ball, location: 2F
1-2: Fly out, F6 (Popup, 6D)
Batting: LHB José Rivas 0-0: Called Strike
0-1: Ball
1-1: Ball
2-1: Ball
3-1: Foul Ball, location: 2F
3-2: Strikes out swinging
Batting: RHB Rodney González 0-0: Swinging Strike
0-1: Swinging Strike
0-2: Strikes out looking
Bottom of the 8th over - 0 run(s), 1 hit(s), 0 error(s), 1 left on base; Las Vegas 8 - Mile High 3
TOP OF THE 9TH
Las Vegas Stars batting - Pitching for Mile High Broncos : RHP Archie Summers
Batting: LHB Robinson Fernández 0-0: Foul Ball, location: 2F
0-1: Fly out, F9 (Flyball, 9S)
Batting: RHB José Pinto 0-0: Called Strike
0-1: Ball
1-1: Called Strike
1-2: Ball
2-2: Foul Ball, location: 2F
2-2: Strikes out swinging
Batting: RHB Zack Flint 0-0: Called Strike
0-1: Called Strike
0-2: Ground out 5-3 (Groundball, 56S)
Top of the 9th over - 0 run(s), 0 hit(s), 0 error(s), 0 left on base; Las Vegas 8 - Mile High 3
BOTTOM OF THE 9TH
Mile High Broncos batting - Pitching for Las Vegas Stars : RHP Blake Koepke
Now at 2B: Héctor Barajas
Batting: LHB Mark Everett 0-0: Ball
1-0: Ball
2-0: DOUBLE (Line Drive, 8LXD)
Batting: RHB David Moran 0-0: Foul Ball, location: 2F
0-1: Ball
1-1: Ball
2-1: Foul Ball, location: 2F
2-2: 2-RUN HOME RUN (Flyball, 78XD), Distance : 413 ft
Pitching: RHP Jorge Oliva
Batting: RHB Jeff Packard 0-0: Fly out, F9 (Flyball, 89D)
Batting: SHB Tom Stevens 0-0: Ball
1-0: SINGLE (Line Drive, 7S)
Batting: RHB John Brown 0-0: Ball
1-0: Foul Ball, location: 2F
1-1: Foul Ball, location: 2F
1-2: Foul Ball, location: 2F
1-2: Ball
2-2: Ball
3-2: Grounds into double play, 4-6-3 (Groundball, 4M)
Bottom of the 9th over - 2 run(s), 3 hit(s), 0 error(s), 0 left on base; Las Vegas 8 - Mile High 5
Tuesday, August 8th, 2017 - OOTP Baseball 17.12 Build 75